Cogmind - Beta 14 @@@ ROGUE MODE // 2025.03.19 @ 20:45:09 Player: kat Result: Self-destructed Performance ------------- Evolutions (7) 3500 Regions Visited (15) 3000 Robots Destroyed (139) 695 Value Destroyed (5174) 5174 Prototype IDs (18) 360 Alien Tech Used (2) 400 Bonus (1837) 1837 TOTAL SCORE: 14966 Bonus ------- High Alert Combat Kills 111 Follower Combat Kills 926 Entered DSFs 500 Met Zhirov 300 Cogmind --------- Core Integrity 1144/1300 Matter 2/300 Energy 520/520 System Corruption 0% Temperature Warm (189) Movement Treading (160) Location -3/DSF Parts ------- > --- POWER (2) -------- Reinforced Fission Core Reinforced Fission Core > --- PROPULSION (7) --- Advanced Heavy Siege Treads Advanced Heavy Siege Treads Advanced Heavy Siege Treads > --- UTILITY (7) ------ Medium Storage Unit Advanced Targeting Computer Improved Heavy Armor Plating Advanced Focal Shield Advanced Hacking Suite Component Analysis Suite > --- WEAPON (5) ------- Plasma Rifle Hardcell Cannon > --- INVENTORY (10) --- Advanced Heavy Siege Treads Advanced Power Amplifier Advanced Cryofiber Web Advanced Heat Sink Improved Heavy Armor Plating Improved Heavy Armor Plating Peak State ------------ > --- POWER ------------ Reinforced Fission Core Reinforced Fission Core > --- PROPULSION ------- Advanced Heavy Siege Treads Advanced Heavy Siege Treads Advanced Heavy Siege Treads > --- UTILITY ---------- Medium Storage Unit Advanced Targeting Computer Improved Heavy Armor Plating Advanced Focal Shield Advanced Hacking Suite Component Analysis Suite > --- WEAPON ----------- Plasma Rifle Disruptor Cannon Hardcell Cannon > --- INVENTORY -------- Advanced Heavy Siege Treads Advanced Power Amplifier Advanced Cryofiber Web Advanced Heat Sink Improved Heavy Armor Plating Improved Heavy Armor Plating [Rating: 120] Favorites ----------- Power Deuterium Engine Engine Deuterium Engine Power Core Fission Core Reactor Light Quantum Reactor Propulsion Carbon-fiber Leg Treads Improved Treads Leg Carbon-fiber Leg Wheel Wheel Hover Unit Gravmag Array Utility Advanced Targeting Computer Device Advanced Sensor Array Storage Medium Storage Unit Processor Advanced Targeting Computer Hackware Advanced Hacking Suite Protection Hardened Light Armor Plating Weapon Railgun Energy Gun Field Laser Energy Cannon Heavy Particle Cannon Ballistic Gun Railgun Ballistic Cannon Flak Cannon Launcher Missile Launcher Special Weapon Improved Plasma Cutter Build | -11 -10 -10 -9 -9 -8 -7 -6 -5 -5 -5 -5 -4 -4 -3 -3 ------- Run | Yrd Mat Min Mat Sto Mat Fac Fac Fac Upp Upp Zhi Pro Fac Res DSF Slots Evolved 14 | . . . 2 . 2 2 2 2 . . . . 2 2 . Power 1 | . . . . . . . 1 . . . . . . . . Propulsion 5 | . . . 1 . . 1 . . . . . . 1 2 . Utility 5 | . . . . . 2 1 . 2 . . . . . . . Weapon 3 | . . . 1 . . . 1 . . . . . 1 . . Parts Attached 171 | 5 2 8 4 15 32 16 18 7 11 3 6 11 24 . 9 Power 23 | 1 . 1 . 1 3 . 3 3 1 . 1 4 3 . 2 Engine 9 | 1 . 1 . 1 2 . 1 2 . . . . 1 . . Core 12 | . . . . . 1 . 2 1 1 . 1 4 . . 2 Reactor 2 | . . . . . . . . . . . . . 2 . . Propulsion 47 | 2 . 3 1 6 9 3 4 . 3 1 3 1 8 . 3 Treads 11 | . . . . 4 2 . 2 . . . . . . . 3 Leg 25 | 2 . 3 1 2 4 3 . . 3 1 2 1 3 . . Wheel 8 | . . . . . 3 . . . . . . . 5 . . Hover 3 | . . . . . . . 2 . . . 1 . . . . Flight . | . . . . . . . . . . . . . . . . Utility 48 | . 1 1 1 3 11 5 5 3 4 2 2 1 8 . 1 Device 26 | . . . 1 . 6 2 3 1 4 2 1 1 5 . . Storage 5 | . 1 . . 1 1 . . 1 . . . . 1 . . Processor 4 | . . . . . 1 . 2 . . . . . 1 . . Hackware 1 | . . . . . . . . . . . . . 1 . . Protection 12 | . . 1 . 2 3 3 . 1 . . 1 . . . 1 Artifact . | . . . . . . . . . . . . . . . . Weapon 53 | 2 1 3 2 5 9 8 6 1 3 . . 5 5 . 3 Energy Gun 14 | 2 . 1 1 . 3 1 1 . . . . 2 2 . 1 Energy Cannon 7 | . . . . 2 . . 2 1 1 . . . . . 1 Ballistic Gun 20 | . . 2 . 2 3 4 3 . 2 . . 3 1 . . Ballistic Cannon 3 | . . . . . 1 1 . . . . . . . . 1 Launcher 8 | . 1 . 1 1 2 2 . . . . . . 1 . . Special Weapon 1 | . . . . . . . . . . . . . 1 . . Impact Weapon . | . . . . . . . . . . . . . . . . Slashing Weapon . | . . . . . . . . . . . . . . . . Piercing Weapon . | . . . . . . . . . . . . . . . . Special Melee Weapon . | . . . . . . . . . . . . . . . . Unidentified Prototypes 6 | . . . . . . 1 . . . . 5 . . . . Corrupted Parts 1 | . . . . . . 1 . . . . . . . . . System Corruption 4 | . . . . . . 4 . . . . . . . . . Parts Lost 49 | . . 2 . 2 10 6 1 1 2 . . 14 5 . 6 Power 2 | . . . . . 2 . . . . . . . . . . Propulsion 15 | . . . . . 4 3 1 . . . . 4 2 . 1 Utility 15 | . . 1 . . 2 3 . 1 2 . . 4 1 . 1 Weapon 17 | . . 1 . 2 2 . . . . . . 6 2 . 4 Highest Loss Streak 8 | . . 1 . 1 5 3 1 1 1 . . 8 4 . 5 To Critical Strikes . | . . . . . . . . . . . . . . . . Average Slot Usage (%) 87 | . 80 92 99 94 90 87 71 75 87 97 98 71 74 80 65 Engine 6 | . 14 14 11 10 7 7 4 5 2 . . . 1 . . Core 3 | . . . . . . . 3 5 8 11 11 11 2 . 6 Treads 3 | . . . . 14 10 . 2 . . . . . . . 9 Leg 15 | . 28 28 33 18 7 21 4 . 8 21 23 14 8 4 1 Wheel 1 | . . . . . 6 . . . . . . . 4 19 4 Hover 1 | . . . . . . . 3 11 5 . . . . . . Device 12 | . . . 10 . 16 19 21 21 16 22 21 14 11 19 11 Storage 6 | . 9 14 11 11 9 5 . 5 5 5 3 . 3 4 4 Processor 4 | . . . . . 2 . 2 11 11 11 11 11 11 4 4 Protection 4 | . . 7 . 7 6 9 4 . 3 . 1 2 . . 2 Energy Gun 3 | . 22 4 8 3 3 4 5 1 . . . 2 6 4 2 Energy Cannon 3 | . . . . 9 6 . 2 5 5 5 5 2 . . 1 Ballistic Gun 11 | . . 18 13 11 6 7 12 5 15 17 17 10 9 4 . Launcher 3 | . 5 5 11 7 5 2 . . . . . . . 4 . Peak Build Rating 120 | 5 6 17 23 25 29 35 64 73 88 87 91 88 83 80 120 Average Rating 45 | 3 5 13 22 22 24 31 43 69 79 85 86 61 66 79 103 On Entrance 44 | . 5 6 17 23 22 28 27 64 72 76 87 88 43 79 80 Naked Turns . | . . . . . . . . . . . . . . . . Heaviest Build 94 | 7 19 28 38 48 53 39 46 49 66 60 60 71 64 63 94 Greatest Support 240 | 20 20 30 40 69 69 37 40 40 50 70 70 65 64 64 240 Greatest Overweight (x) 5 | 1 . 1 . 2 5 2 2 1 1 1 . 2 3 . 1 Average Overweight (x) . | . . . . . . . . . 1 . . . . . . Largest Inventory Capacity 15 | 5 10 10 10 15 15 5 5 5 5 5 5 5 10 10 10 Average Capacity 8 | 5 8 10 10 14 12 5 5 5 5 5 5 5 8 10 10 Most Carried 15 | 2 4 10 10 15 15 5 5 5 5 5 5 5 10 10 10 Average Carried 7 | 1 2 9 9 14 10 3 3 4 4 4 4 4 5 9 9 Final Capacity 15 | 5 10 10 10 15 5 5 5 5 5 5 5 5 10 10 10 Final Carried 15 | 2 3 10 10 15 5 2 4 5 5 5 5 5 9 10 9 Class Distribution -------------------- 27% | Scavenger-Gunner 26% | Mutant 14% | Tank 9% | Gunner 7% | Scavenger-Tank 5% | Commander-Tank 4% | Scavenger-Mutant 3% | Commander-Gunner Dominant Class ---------------- Mutant | -10/Materials Mutant | -10/Mines Gunner | -9/Materials Commander-Tank | -9/Storage Mutant | -8/Materials Tank | -7/Factory Tank | -6/Factory Mutant | -5/Factory Scavenger-Gunner | -5/Upper Caves Scavenger-Gunner | -5/Upper Caves Scavenger-Gunner | -5/Zhirov Scavenger-Mutant | -4/Proximity Caves Scavenger-Gunner | -4/Factory Scavenger-Gunner | -3/Research Scavenger-Tank | -3/DSF Resources | -11 -10 -10 -9 -9 -8 -7 -6 -5 -5 -5 -5 -4 -4 -3 -3 ----------- Run | Yrd Mat Min Mat Sto Mat Fac Fac Fac Upp Upp Zhi Pro Fac Res DSF Matter Collected 3690 | 230 60 242 237 285 467 298 155 375 390 220 . 317 372 . 42 Remotely . | . . . . . . . . . . . . . . . . Salvage Created 6176 | . 67 191 534 414 1031 375 155 485 839 308 . 650 748 . 379 Parts 291 | . 3 26 40 22 41 19 11 22 22 9 . 36 24 . 16 Haulers Intercepted 1 | . . . 1 . . . . . . . . . . . . Recyclers Shooed 4 | . . . . 1 2 . . . . . . . 1 . . Parts Field Recycled 14 | . . . 14 . . . . . . . . . . . . Retrieved Matter 70 | . . . 70 . . . . . . . . . . . . Parts Self-Destructed 61 | . . . . . . . . . 26 5 . 30 . . . Prevented 1 | . . . . . . . . . . . . 1 . . . Kills | -11 -10 -10 -9 -9 -8 -7 -6 -5 -5 -5 -5 -4 -4 -3 -3 ------- Run | Yrd Mat Min Mat Sto Mat Fac Fac Fac Upp Upp Zhi Pro Fac Res DSF Combat Hostiles Destroyed 118 | . 2 13 16 7 15 7 5 8 13 5 . 15 5 . 7 Melee 1 | . . . . . . . . . . . . . . . 1 Guns 84 | . . 9 11 4 9 5 5 5 12 4 . 14 5 . 1 Cannons 18 | . . . . 3 4 1 . 2 1 1 . 1 . . 5 AOE 14 | . 2 4 5 . 2 1 . . . . . . . . . Classes Destroyed 14 | . 2 3 4 2 1 . . . . . . . 1 . 1 Worker 2 | . . 1 . . 1 . . . . . . . . . . Builder 4 | . 1 . . . 1 1 . . . . . . 1 . . Hauler 1 | . . . 1 . . . . . . . . . . . . Recycler 8 | . . . . 2 3 . . . . . . . 3 . . Operator 2 | . . . 1 1 . . . . . . . . . . . Watcher 4 | . . . 3 . 1 . . . . . . . . . . Swarmer 37 | . . 12 . . 4 . 4 . 1 . . 10 . . 6 Grunt 46 | . 2 . 11 5 9 2 . 5 6 1 . 1 4 . . Brawler 6 | . . . . 1 . 2 . . 2 . . 1 . . . Duelist 9 | . . . 2 . . 2 . 2 2 . . 1 . . . Sentry 13 | . . 1 3 1 1 1 1 1 2 . . 2 . . . Hunter 1 | . . . . . 1 . . . . . . . . . . Programmer 1 | . . . . . . . . . . . . . 1 . . Heavy 1 | . . . . . . . . . . . . . . . 1 Thug 1 | . . . . . . . . . . 1 . . . . . Savage 3 | . . . . . . . . . . 3 . . . . . Best Kill Streak 9 | . 3 4 9 4 6 4 5 4 7 4 . 6 4 . 3 Combat Bots Only 8 | . 2 4 8 4 6 4 5 4 7 4 . 6 4 . 3 Max Kills in Single Turn 3 | . 2 2 3 1 2 2 2 1 1 1 . 1 1 . 1 Gunslinging 1 | . . . . . 1 . 1 . . . . . . . . Exploded 2 | . 2 1 2 . 1 1 . . . . . . . . . Melee 1 | . . . . . . . . . . . . . . . 1 Uniques/NPCs Destroyed . | . . . . . . . . . . . . . . . . Combat | -11 -10 -10 -9 -9 -8 -7 -6 -5 -5 -5 -5 -4 -4 -3 -3 -------- Run | Yrd Mat Min Mat Sto Mat Fac Fac Fac Upp Upp Zhi Pro Fac Res DSF Hostile Shots Fired 829 | . 10 65 23 68 126 99 33 36 64 20 . 101 50 . 134 Missed 269 | . 6 16 11 22 40 37 12 14 20 6 . 25 21 . 39 Damage Taken 9855 | . 61 451 152 683 1694 956 236 486 942 337 . 1343 719 . 1795 Core 1264 | . 17 41 37 87 309 66 24 129 196 . . 131 71 . 156 Absorbed by Shields . | . . . . . . . . . . . . . . . . Redirected to Shielding 159 | . . . . . . . . . . . . 159 . . . Ignored by Resistances 805 | . . . . . . . . . . . . . . . 805 Regen/Repaired (Parts) 149 | . . . . 91 58 . . . . . . . . . . Core Remaining (%) 77 | 100 . 76 . 69 43 90 97 . . . . 51 93 . . Volleys Fired 400 | . 5 34 38 28 80 33 19 36 24 16 2 28 25 . 32 Largest 4 | . 2 2 3 3 3 3 3 2 4 4 4 4 4 . 3 Hottest 221 | . 80 63 125 128 144 119 109 120 188 188 188 188 196 . 221 Shots Fired 705 | . 6 44 60 46 119 58 29 39 61 42 8 67 69 . 57 Gun 534 | . 3 38 53 24 81 35 29 25 56 38 6 55 67 . 24 Cannon 130 | . . . . 20 30 18 . 14 5 4 2 12 . . 25 Launcher 39 | . 3 6 7 2 8 5 . . . . . . . . 8 Special 2 | . . . . . . . . . . . . . 2 . . Kinetic 406 | . . 27 34 15 38 30 24 25 56 38 6 48 46 . 19 Thermal 211 | . 3 11 19 29 61 . 5 14 5 4 2 19 23 . 16 Explosive 32 | . 3 6 7 2 1 5 . . . . . . . . 8 Electromagnetic 56 | . . . . . 19 23 . . . . . . . . 14 Robot Hit Streak 20 | . 3 3 9 6 7 10 8 10 12 11 . 10 20 . 7 Robot Miss Streak 12 | . 1 9 8 6 7 12 9 3 5 5 . 6 1 . 3 Penetration Max 1 | . . . . . . . . 1 . 1 . 1 . . . Secondary Targets 10 | . . 1 . . 1 3 1 . 2 1 . 1 . . . Max Gunslinging Chain 1 | . . 1 . . 1 1 1 . 1 1 . 1 . . . Shots Hit Robots 461 | . 3 17 47 29 71 42 18 30 45 29 . 42 54 . 34 Core Hits 349 | . 8 19 47 23 42 34 15 15 41 18 . 39 25 . 23 Critical Kills 5 | . . . . . . . . 2 . . . 3 . . . Critical Parts Destroyed 3 | . . . . . 1 . . 1 . . . 1 . . . Critical Strikes 14 | . . . . . 2 2 1 3 . 1 . 4 . . 1 Burn 2 | . . . . . 1 . 1 . . . . . . . . Meltdown 1 | . . . . . . . . 1 . . . . . . . Destroy 8 | . . . . . 1 . . 2 . 1 . 4 . . . Blast 1 | . . . . . . . . . . . . . . . 1 Corrupt 2 | . . . . . . 2 . . . . . . . . . Melee Attacks . | . . . . . . . . . . . . . . . . Impact . | . . . . . . . . . . . . . . . . Slashing . | . . . . . . . . . . . . . . . . Piercing . | . . . . . . . . . . . . . . . . Sneak Attacks . | . . . . . . . . . . . . . . . . Combat Hostiles . | . . . . . . . . . . . . . . . . Follow-up Attacks . | . . . . . . . . . . . . . . . . Damage Inflicted 12090 | . 242 464 1541 842 1554 812 323 925 1121 807 . 835 1119 . 1505 Guns 7248 | . 11 233 721 319 818 428 323 556 1000 739 . 628 1105 . 367 Cannons 2203 | . . . . 325 419 306 . 369 121 68 . 207 . . 388 Explosions 2550 | . 231 231 814 186 317 78 . . . . . . . . 693 Melee . | . . . . . . . . . . . . . . . . Ramming 75 | . . . 6 12 . . . . . . . . . . 57 Kinetic 6145 | . . 178 559 238 430 471 283 556 1000 739 . 536 748 . 407 Thermal 2858 | . 11 55 162 406 699 62 40 369 121 68 . 299 371 . 195 Explosive 2191 | . 231 231 814 186 20 16 . . . . . . . . 693 Electromagnetic 821 | . . . . . 405 263 . . . . . . . . 153 Impact . | . . . . . . . . . . . . . . . . Slashing . | . . . . . . . . . . . . . . . . Piercing . | . . . . . . . . . . . . . . . . Highest Corruption 7 | . . . . 1 . 7 . . . . . . . . . Average Corruption 2 | . . . . 1 . 5 . . . . . . . . . Corruption Purged . | . . . . . . . . . . . . . . . . Corruption Blocked . | . . . . . . . . . . . . . . . . Effects 4 | . . . . 1 . 3 . . . . . . . . . Matter Fused 1 | . . . . . . 1 . . . . . . . . . Energy Discharges 1 | . . . . 1 . . . . . . . . . . . Parts Rejected 1 | . . . . . . 1 . . . . . . . . . Data Loss (minor) 1 | . . . . . . 1 . . . . . . . . . Overload Shots . | . . . . . . . . . . . . . . . . Overflow Damage 7 | . . . . . 4 . . 3 . . . . . . . Projectiles 3 | . . . . . . . . 3 . . . . . . . Explosions 4 | . . . . . 4 . . . . . . . . . . Melee . | . . . . . . . . . . . . . . . . Knockbacks 7 | . . . . . . 6 . . . . . . . . 1 Impact . | . . . . . . . . . . . . . . . . Kinetic 7 | . . . . . . 6 . . . . . . . . 1 Secondary . | . . . . . . . . . . . . . . . . Self-Inflicted Damage 176 | . . 8 . . 76 92 . . . . . . . . . Shots 7 | . . 1 . . 3 3 . . . . . . . . . Rammed 11 | . . . . 3 . . . . . . . . . . 8 Targets Rammed 16 | . . . 1 6 . . . . . . . . . . 9 Kicked 4 | . . . 1 3 . . . . . . . . . . . Crushed 1 | . . . . . . . . . . . . . . . 1 Highest Temperature 458 | . 18 37 165 458 340 . . 20 221 . . 98 126 . 261 Average Temperature 108 | . 8 15 40 119 182 . . 6 148 . . 32 44 . 136 Received Heat Transfer 2100 | . 27 24 84 282 711 198 30 198 207 99 . 66 156 . 18 Effects 14 | . . . . 5 8 . . . . . . . . . 1 Shutdowns 1 | . . . . 1 . . . . . . . . . . . Energy Bleed 5 | . . . . 1 3 . . . . . . . . . 1 Interference 5 | . . . . . 5 . . . . . . . . . . Matter Decay 1 | . . . . 1 . . . . . . . . . . . Damage (minor) 2 | . . . . 2 . . . . . . . . . . . Siege Activations . | . . . . . . . . . . . . . . . . Robots Corrupted . | . . . . . . . . . . . . . . . . Combat Hostiles . | . . . . . . . . . . . . . . . . Parts Fried 3 | . . . . . 2 . . . . . . 1 . . . Impact Corruptions . | . . . . . . . . . . . . . . . . Robots Melted 1 | . . . . . . . . 1 . . . . . . . Combat Hostiles 1 | . . . . . . . . 1 . . . . . . . Parts Melted 7 | . . . 1 . 2 . . 1 1 . . 1 1 . . Heat Transferred 4865 | . 25 125 200 585 1443 50 148 444 148 74 . 420 766 . 437 Parts Sabotaged . | . . . . . . . . . . . . . . . . Parts Stolen . | . . . . . . . . . . . . . . . . Parts Stripped . | . . . . . . . . . . . . . . . . Power Chain Reactions 2 | . . . . . 1 1 . . . . . . . . . Alert | -11 -10 -10 -9 -9 -8 -7 -6 -5 -5 -5 -5 -4 -4 -3 -3 ------- Run | Yrd Mat Min Mat Sto Mat Fac Fac Fac Upp Upp Zhi Pro Fac Res DSF Peak Influence 638 | . 87 299 489 638 465 298 240 304 . . . . 201 3 236 Initial 260 | . . 39 57 196 260 138 96 27 . . . . 102 . 2 Average 227 | . 38 144 246 460 257 189 109 122 . . . . 130 . 126 Maximum Alert Level 2 | . . 1 2 2 2 1 1 1 . . . . 1 . 1 Low Security (%) 51 | 100 100 74 47 3 26 54 76 68 . . . . 98 100 96 Level 1 32 | . . 25 41 25 60 45 23 31 . . . . 1 . 3 Level 2 16 | . . . 11 71 13 . . . . . . . . . . Level 3 . | . . . . . . . . . . . . . . . . Level 4 . | . . . . . . . . . . . . . . . . Level 5 . | . . . . . . . . . . . . . . . . High Security . | . . . . . . . . . . . . . . . . Max Security . | . . . . . . . . . . . . . . . . Squads Dispatched 14 | . 1 1 1 3 2 5 . . . . . . 1 . . Investigation 2 | . . 1 . . 1 . . . . . . . . . . Extermination 2 | . . . . . . 1 . . . . . . 1 . . Reinforcement 5 | . 1 . 1 2 1 . . . . . . . . . . Assault 1 | . . . . 1 . . . . . . . . . . . Garrison 4 | . . . . . . 4 . . . . . . . . . Intercept . | . . . . . . . . . . . . . . . . Searches Triggered . | . . . . . . . . . . . . . . . . Construction Impeded 1 | . . . 1 . . . . . . . . . . . . Haulers Reinforced . | . . . . . . . . . . . . . . . . Active Scanning Responses . | . . . . . . . . . . . . . . . . Cargo Convoy Interrupts . | . . . . . . . . . . . . . . . . Stealth | -11 -10 -10 -9 -9 -8 -7 -6 -5 -5 -5 -5 -4 -4 -3 -3 --------- Run | Yrd Mat Min Mat Sto Mat Fac Fac Fac Upp Upp Zhi Pro Fac Res DSF Distress Signals 4 | . 1 . 1 . 2 . . . . . . . . . . Communications Jammed 8 | . . . . . . . . . . . . . . . 8 Distress Signals . | . . . . . . . . . . . . . . . . Times Spotted 197 | . 5 17 22 30 26 13 6 8 20 8 . 25 6 . 11 Peak Tracking Total 9 | . 5 7 7 6 7 6 4 4 9 3 . 6 3 . 5 Tactical Retreats 18 | . 1 4 . . 3 . . . 2 . . 7 . . 1 Traps | -11 -10 -10 -9 -9 -8 -7 -6 -5 -5 -5 -5 -4 -4 -3 -3 ------- Run | Yrd Mat Min Mat Sto Mat Fac Fac Fac Upp Upp Zhi Pro Fac Res DSF Traps Triggered 3 | . . . . 3 . . . . . . . . . . . Indirectly . | . . . . . . . . . . . . . . . . Trap Hack Attempts . | . . . . . . . . . . . . . . . . Triggered . | . . . . . . . . . . . . . . . . Disarmed . | . . . . . . . . . . . . . . . . Reprogrammed . | . . . . . . . . . . . . . . . . Reused . | . . . . . . . . . . . . . . . . Traps Extracted . | . . . . . . . . . . . . . . . . Installed . | . . . . . . . . . . . . . . . . Triggered . | . . . . . . . . . . . . . . . . Machines | -11 -10 -10 -9 -9 -8 -7 -6 -5 -5 -5 -5 -4 -4 -3 -3 ---------- Run | Yrd Mat Min Mat Sto Mat Fac Fac Fac Upp Upp Zhi Pro Fac Res DSF Machines Disabled 17 | . . 3 1 2 6 2 . 2 1 . . . . . . Max in Single Turn 2 | . . 1 1 1 1 1 . 2 1 . . . . . . Machines Repaired . | . . . . . . . . . . . . . . . . Machines Dismantled . | . . . . . . . . . . . . . . . . Machines Sabotaged . | . . . . . . . . . . . . . . . . Overloaded Fab Kills . | . . . . . . . . . . . . . . . . Hacking | -11 -10 -10 -9 -9 -8 -7 -6 -5 -5 -5 -5 -4 -4 -3 -3 --------- Run | Yrd Mat Min Mat Sto Mat Fac Fac Fac Upp Upp Zhi Pro Fac Res DSF Machines Accessed 38 | . . 1 8 8 2 . 6 1 . . 9 . 2 1 . Terminals 16 | . . . 6 5 1 . 2 . . . . . 1 1 . Fabricators 1 | . . . . . . . 1 . . . . . . . . Repair Stations 3 | . . . . 2 1 . . . . . . . . . . Recycling Units 5 | . . . 2 1 . . 1 . . . . . 1 . . Scanalyzers 1 | . . . . . . . 1 . . . . . . . . Garrison Access 2 | . . . . . . . 1 1 . . . . . . . Total Hacks 104 | . . 1 16 19 7 . 8 2 . . 48 . 2 1 . Successful 86 | . . 1 10 14 4 . 6 . . . 48 . 2 1 . Failed 18 | . . . 6 5 3 . 2 2 . . . . . . . Catastrophic 4 | . . . . 2 1 . . 1 . . . . . . . Database Lockouts . | . . . . . . . . . . . . . . . . Manual 8 | . . . . 8 . . . . . . . . . . . Terminals 31 | . . . 11 9 5 . 4 . . . . . 1 1 . Fabricators 1 | . . . . . . . 1 . . . . . . . . Repair Stations 9 | . . . . 7 2 . . . . . . . . . . Recycling Units 10 | . . . 5 3 . . 1 . . . . . 1 . . Scanalyzers 1 | . . . . . . . 1 . . . . . . . . Garrison Access 3 | . . . . . . . 1 2 . . . . . . . Terminal Hacks 69 | . . 1 7 6 2 . 3 . . . 48 . 1 1 . Record 37 | . . . 1 . . . . . . . 36 . . . . Part Schematic 4 | . . . . . . . . . . . 4 . . . . Robot Analysis 4 | . . . . . . . . . . . 4 . . . . Prototype ID Bank 5 | . . . 1 . . . . . . . 4 . . . . Open Door 3 | . . 1 . 2 . . . . . . . . . . . Open DSF 2 | . . . . . . . 1 . . . . . . 1 . Emergency Access Points 1 | . . . 1 . . . . . . . . . . . . Alert Level 4 | . . . 1 1 . . 1 . . . . . 1 . . Locate Traps 1 | . . . . 1 . . . . . . . . . . . Dispatch Records 2 | . . . 1 1 . . . . . . . . . . . Maintenance Status 1 | . . . . . . . 1 . . . . . . . . Investigation Status 2 | . . . . . 2 . . . . . . . . . . Reinforcement Status 1 | . . . 1 . . . . . . . . . . . . Zone Layout 2 | . . . 1 1 . . . . . . . . . . . Fabricator Hacks 1 | . . . . . . . 1 . . . . . . . . Build 1 | . . . . . . . 1 . . . . . . . . Repair Station Hacks 7 | . . . . 5 2 . . . . . . . . . . Scan Component 3 | . . . . 2 1 . . . . . . . . . . Repair 3 | . . . . 2 1 . . . . . . . . . . Refit 1 | . . . . 1 . . . . . . . . . . . Recycling Unit Hacks 7 | . . . 3 3 . . . . . . . . 1 . . Process 2 | . . . 1 1 . . . . . . . . . . . Report Inventory 5 | . . . 2 2 . . . . . . . . 1 . . Scanalyzer 1 | . . . . . . . 1 . . . . . . . . Insert Component 1 | . . . . . . . 1 . . . . . . . . Garrison Access Hacks 1 | . . . . . . . 1 . . . . . . . . Unlock Access 1 | . . . . . . . 1 . . . . . . . . Unauthorized Hacks . | . . . . . . . . . . . . . . . . Terminals . | . . . . . . . . . . . . . . . . Fabricators . | . . . . . . . . . . . . . . . . Repair Stations . | . . . . . . . . . . . . . . . . Recycling Units . | . . . . . . . . . . . . . . . . Scanalyzers . | . . . . . . . . . . . . . . . . Garrison Access . | . . . . . . . . . . . . . . . . Data Cores Recovered 1 | . . . 1 . . . . . . . . . . . . Used 1 | . . . 1 . . . . . . . . . . . . Hacking Detections 13 | . . . 4 4 2 . 1 1 . . . . 1 . . Full Trace Events 1 | . . . . . 1 . . . . . . . . . . Feedback Events . | . . . . . . . . . . . . . . . . Feedback Blocked . | . . . . . . . . . . . . . . . . Robot Schematics Acquired . | . . . . . . . . . . . . . . . . Robots Built . | . . . . . . . . . . . . . . . . Authchips . | . . . . . . . . . . . . . . . . Time . | . . . . . . . . . . . . . . . . Total Robot Build Rating . | . . . . . . . . . . . . . . . . Part Schematics Acquired 4 | . . . . . . . . . . . 4 . . . . Parts Built 2 | . . . . . . . 2 . . . . . . . . Authchips . | . . . . . . . . . . . . . . . . Time 117 | . . . . . . . 117 . . . . . . . . Total Part Build Rating 14 | . . . . . . . 14 . . . . . . . . Parts Repaired 3 | . . . . 2 1 . . . . . . . . . . Time 114 | . . . . 76 38 . . . . . . . . . . Parts Recycled . | . . . . . . . . . . . . . . . . Recycled Matter 256 | . . . 4 252 . . . . . . . . . . . Retrieved Matter . | . . . . . . . . . . . . . . . . Retrieved Components . | . . . . . . . . . . . . . . . . Parts Scanalyzed . | . . . . . . . . . . . . . . . . Part Schematics Acquired . | . . . . . . . . . . . . . . . . Parts Damaged . | . . . . . . . . . . . . . . . . Bothacking | -11 -10 -10 -9 -9 -8 -7 -6 -5 -5 -5 -5 -4 -4 -3 -3 ------------ Run | Yrd Mat Min Mat Sto Mat Fac Fac Fac Upp Upp Zhi Pro Fac Res DSF Used RIF Installer . | . . . . . . . . . . . . . . . . Robots Hacked . | . . . . . . . . . . . . . . . . Non-combat . | . . . . . . . . . . . . . . . . Combat . | . . . . . . . . . . . . . . . . Robot Hacks Applied . | . . . . . . . . . . . . . . . . Relay Couplers Released . | . . . . . . . . . . . . . . . . Fabnet Peak Effective % . | . . . . . . . . . . . . . . . . Robots Rewired 4 | . . . . . . . . . 2 . . 1 . . 1 Allies Hacked . | . . . . . . . . . . . . . . . . Hacks Repelled . | . . . . . . . . . . . . . . . . Allies | -11 -10 -10 -9 -9 -8 -7 -6 -5 -5 -5 -5 -4 -4 -3 -3 -------- Run | Yrd Mat Min Mat Sto Mat Fac Fac Fac Upp Upp Zhi Pro Fac Res DSF Total Allies 14 | . . . . 10 . . . . 2 . . 1 . . 1 Largest Group 10 | . . . . 10 1 . . . 2 2 . 1 . . 1 Highest-Rated Group 88 | . . . . 88 8 . . . 78 78 . 30 . . 64 Highest-Rated Ally 64 | . . . . 16 8 . . . 49 49 . 30 . . 64 Total Orders 10 | . . . . 5 3 . . . . . . 2 . . . STAY 2 | . . . . 2 . . . . . . . . . . . FOLLOW 2 | . . . . 2 . . . . . . . . . . . AID 1 | . . . . 1 . . . . . . . . . . . EXPLORE 3 | . . . . . 2 . . . . . . 1 . . . RETURN 2 | . . . . . 1 . . . . . . 1 . . . Ally Attacks 223 | . . . . 158 17 . . . 26 14 . 6 . . 2 Total Damage 2632 | . . . . 1406 134 . . . 539 433 . 93 . . 27 Kills 33 | . . . . 21 2 . . . 6 3 . 1 . . . Allies Corrupted 1 | . . . . . . . . . . 1 . . . . . Allies Melted . | . . . . . . . . . . . . . . . . Intel | -11 -10 -10 -9 -9 -8 -7 -6 -5 -5 -5 -5 -4 -4 -3 -3 ------- Run | Yrd Mat Min Mat Sto Mat Fac Fac Fac Upp Upp Zhi Pro Fac Res DSF Robot Analysis Total 4 | . . . . . . . . . . . 4 . . . . Derelict Logs Recovered 4 | . . 1 . . . . . . 2 1 . . . . . Drone Launches 4 | . . . . . 3 . . . . . . 1 . . . Drone Recoveries 3 | . . . . . 2 . . . . . . 1 . . . Decoded 0b10 Intel 3 | . . . . . . . . . . . . . 3 . . Patrols 3 | . . . . . . . . . . . . . 3 . . Exploration | -11 -10 -10 -9 -9 -8 -7 -6 -5 -5 -5 -5 -4 -4 -3 -3 ------------- Run | Yrd Mat Min Mat Sto Mat Fac Fac Fac Upp Upp Zhi Pro Fac Res DSF Turns Passed 9604 | 62 126 1073 653 1240 1329 533 709 311 1171 603 325 707 440 44 278 Spaces Moved 4913 | 44 92 623 392 523 378 210 424 266 678 354 249 331 204 44 101 Core 7 | 7 . . . . . . . . . . . . . . . Treads 468 | . . . . 236 116 . 50 . . . . . . . 66 Legs 3310 | 37 92 623 392 287 214 210 84 . 306 354 249 331 131 . . Wheels 200 | . . . . . 48 . . . . . . . 73 44 35 Hover 928 | . . . . . . . 290 266 372 . . . . . . Flight . | . . . . . . . . . . . . . . . . Fastest Speed 50 | 50 120 120 120 120 105 105 56 56 106 120 120 120 100 100 100 Average Speed 135 | 114 120 147 120 166 135 135 115 73 143 131 120 160 148 100 141 Slowest Speed 330 | 120 120 190 120 320 320 270 240 106 190 190 120 260 330 100 160 Overloaded Moves . | . . . . . . . . . . . . . . . . Propulsion Burnouts . | . . . . . . . . . . . . . . . . Robots Hopped . | . . . . . . . . . . . . . . . . Cave-ins Triggered . | . . . . . . . . . . . . . . . . Teleports 1 | . . . . . . . . . . . 1 . . . . Exploration Rate (%) 39 | 4 23 84 36 81 41 5 8 6 87 50 62 50 6 3 85 Regions Visited 15 Branch Regions 6 Pre-discovered Areas 4 | . . . . . . . . . 1 . 3 . . . . Known Exits Taken 1 | . . . . . . . . . . . . . . 1 . Unknown Exits Taken 14 | 1 1 1 1 1 1 1 1 1 1 1 1 1 1 . . Scrap Searched 7 | . . 1 . . . . . . 4 1 . 1 . . . Spaces Dug 47 | . . . . . . 41 . . . 1 5 . . . . Terrain Destroyed 359 | . 19 27 53 20 16 60 2 33 13 11 5 13 4 . 83 Melee . | . . . . . . . . . . . . . . . . Projectile 71 | . . . . 2 9 . 2 7 13 11 5 13 4 . 5 AOE 288 | . 19 27 53 18 7 60 . 26 . . . . . . 78 Terrain Rammed . | . . . . . . . . . . . . . . . . Walls Destroyed . | . . . . . . . . . . . . . . . . Machines Disabled . | . . . . . . . . . . . . . . . . Actions | -11 -10 -10 -9 -9 -8 -7 -6 -5 -5 -5 -5 -4 -4 -3 -3 --------- Run | Yrd Mat Min Mat Sto Mat Fac Fac Fac Upp Upp Zhi Pro Fac Res DSF Total 7223 | 55 101 734 516 850 1088 402 621 342 827 456 270 455 284 44 178 Wait 1443 | . 1 55 68 242 552 132 128 26 72 81 . 59 15 . 12 Move 4898 | 43 91 622 391 522 377 209 423 265 677 353 248 330 203 43 101 Hop . | . . . . . . . . . . . . . . . . Pick Up 117 | 7 2 12 8 21 21 8 13 3 6 1 5 3 3 1 3 Fast Attach 72 | . . . 1 6 8 3 7 5 4 2 4 5 23 . 4 Attach 61 | 5 1 3 3 4 11 10 8 2 6 . 1 3 1 . 3 Detach 11 | . . . . . . . 5 1 1 . . . 4 . . Swap 40 | . 1 5 . 5 13 3 3 . 1 1 3 3 . . 2 Drop 112 | . . 3 6 16 26 4 15 4 7 2 7 4 9 . 9 Fire 400 | . 5 34 38 28 80 33 19 36 24 16 2 28 25 . 32 Melee . | . . . . . . . . . . . . . . . . Ram . | . . . . . . . . . . . . . . . . Kick 4 | . . . 1 3 . . . . . . . . . . . Crush 12 | . . . . 3 . . . . . . . . . . 9 Escape Stasis . | . . . . . . . . . . . . . . . . Rewire 52 | . . . . . . . . . 29 . . 20 . . 3 Trap . | . . . . . . . . . . . . . . . . Miscellaneous 1 | . . . . . . . . . . . . . 1 . . Route ------- -11/Scrapyard -10/Materials -10/Mines (discovered 3 exits: *Mat x2 / *Sub) -9/Materials -9/Storage -8/Materials -7/Factory -6/Factory (discovered 3 exits: *Fac / [*Low] / Gar) -5/Factory -5/Upper Caves -5/Upper Caves -5/Zhirov -4/Proximity Caves -4/Factory -3/Research -3/DSF (discovered 1 exit: [*Res]) History --------- Turn | Location | Event 8 | -11/Scrapyard | Discovered new exit (range 15) 63 | -11/Scrapyard | Entered Materials 162 | -10/Materials | Discovered new exit (range 16) 189 | -10/Materials | Entered Mines 196 | -10/Mines | Met a Derelict shopkeep closing up shop 226 | -10/Mines | Met a Derelict bent on vengeance 253 | -10/Mines | Joined a pair of Derelicts in attacking an 0b10 outpost 296 | -10/Mines | Discovered new exit (range 9) 317 | -10/Mines | Build established: Mutant 410 | -10/Mines | Found DCF Scrap (10 items) 687 | -10/Mines | Identified exit to Subcaves 840 | -10/Mines | Discovered new exit (range 7) 843 | -10/Mines | A weapon hastily lodged in a ceiling crevice suddenly fell to the ground 1071 | -10/Mines | Assembled infested the area 1076 | -10/Mines | Assisted by a Guerilla fighting off Assembled 1262 | -10/Mines | Entered Materials 1262 | -9/Materials | Evolved 2 slots: Propulsion x1, Weapon x1 1552 | -9/Materials | Build established: Gunner 1663 | -9/Materials | Destroyed 8 combat bots 1871 | -9/Materials | Discovered new exit (range 8) 1915 | -9/Materials | Entered Storage 1972 | -9/Storage | Assisted by bots powering up and referring to "LRC-V3" 2187 | -9/Storage | Repaired Deuterium Engine 2563 | -9/Storage | Build established: Commander-Tank 2881 | -9/Storage | Lost 4 allies 2957 | -9/Storage | Repaired Hvy. Particle Cannon 3081 | -9/Storage | Discovered new exit (range 15) 3115 | -9/Storage | First assault squad dispatched 3155 | -9/Storage | Entered Materials 3155 | -8/Materials | Accompanied by 1 ally 3155 | -8/Materials | Evolved 2 slots: Utility x2 3263 | -8/Materials | Build established: Tank 3473 | -8/Materials | Lost 5 parts (1p2n1u1w) 3725 | -8/Materials | Build established: Mutant 4075 | -8/Materials | Lost 3 parts (2n1w) 4307 | -8/Materials | Core integrity fell below 50% 4413 | -8/Materials | Discovered new exit (range 9) 4437 | -8/Materials | Build established: Scavenger-Tank 4454 | -8/Materials | Repaired Deuterium Engine 4484 | -8/Materials | Entered Factory 4484 | -7/Factory | Evolved 2 slots: Propulsion x1, Utility x1 4634 | -7/Factory | Garrison activated, responded to threat 4886 | -7/Factory | Build established: Tank 4941 | -7/Factory | Lost 3 parts (2n1u) 4997 | -7/Factory | Garrison activated, responded to threat 5006 | -7/Factory | Discovered new exit (range 7) 5017 | -7/Factory | Entered another Factory area 5017 | -6/Factory | Evolved 2 slots: Power x1, Weapon x1 5260 | -6/Factory | Discovered new exit (range 15) 5300 | -6/Factory | Identified exit to Garrison 5453 | -6/Factory | Fabricated Railgun (x2) 5589 | -6/Factory | Discovered new exit (range 16) 5726 | -6/Factory | Entered another Factory area 5726 | -5/Factory | Evolved 2 slots: Utility x2 6013 | -5/Factory | Discovered new exit (range 7) 6037 | -5/Factory | Entered Upper Caves 6092 | -5/Upper Caves | Build established: Mutant 6170 | -5/Upper Caves | Attracted the attention of an 0b10 outpost 6246 | -5/Upper Caves | Destroyed 7 combat bots 6498 | -5/Upper Caves | Encountered a Warlord checkpoint 6529 | -5/Upper Caves | Build established: Scavenger-Gunner 6596 | -5/Upper Caves | Found DCF Scrap (13 items) 6881 | -5/Upper Caves | Attracted the attention of an 0b10 checkpoint 6920 | -5/Upper Caves | Learned Factory security intel 7197 | -5/Upper Caves | Discovered new exit (range 6) 7208 | -5/Upper Caves | Entered another Upper Caves area 7208 | -5/Upper Caves | Accompanied by 2 allies 7218 | -5/Upper Caves | Learned Factory non-interactive machine intel 7575 | -5/Upper Caves | Ambushed by wild Derelicts 7783 | -5/Upper Caves | Discovered new exit (range 12) 7811 | -5/Upper Caves | Entered Zhirov 7811 | -5/Zhirov | Discovered new exit (range 3) 7854 | -5/Zhirov | Met Zhirov 7882 | -5/Zhirov | Learned location of Quarantine (-2) 7882 | -5/Zhirov | Learned location of Testing (-3) 7882 | -5/Zhirov | Learned location of Command (-1) 7904 | -5/Zhirov | Zhirov requested help retrieving the SGEMP Prototype 7956 | -5/Zhirov | Found Alien Artifact 7956 | -5/Zhirov | Identified Integrated Reactor 7956 | -5/Zhirov | Installed Integrated Reactor, increased core energy generation (+10) 7970 | -5/Zhirov | Found Alien Artifact 7970 | -5/Zhirov | Identified Transdimensional Reconstructor 7970 | -5/Zhirov | Warped through subspace 8136 | -5/Zhirov | Entered Proximity Caves 8378 | -4/Proximity Caves | Attracted the attention of an 0b10 outpost 8494 | -4/Proximity Caves | Lost 8 parts (2n3u3w) 8663 | -4/Proximity Caves | Lost 4 parts (2n2w) 8807 | -4/Proximity Caves | Discovered new exit (range 11) 8843 | -4/Proximity Caves | Entered Factory 8843 | -4/Factory | Evolved 2 slots: Propulsion x1, Weapon x1 8845 | -4/Factory | Loaded intel: 193 non-interactive machine locations 9072 | -4/Factory | Lost 4 parts (1n1u2w) 9240 | -4/Factory | Discovered new exit (range 16) 9283 | -4/Factory | Entered Research 9283 | -3/Research | Evolved 2 slots: Propulsion x2 9326 | -3/Research | Identified exit to DSF 9327 | -3/Research | Entered DSF 9355 | -3/DSF | Additional patrols routed to DSF 9409 | -3/DSF | Lost 5 parts (1n1u3w) 9450 | -3/DSF | Discovered new exit (range 16) 9605 | -3/DSF | Self-destructed Last Messages --------------- 09491_ Slammed into S-43 Plague. 09501_ S-43 Plague IFF system glitched. 09503_ Slammed into S-43 Plague. 09503_ S-43 Plague IFF system glitched. 09504_ Crushed S-43 Plague. 09504_ S-43 Plague destroyed. 09505_ Acquired 11 matter. 09506_ Attempting to rewire Y-72 Warden. 09508_ Y-72 Warden rewired. 09541_ The unstable cave ceiling collapses. 09557_ C-30 ARC bursts open, deploying its payload. 09557_ S-43 Plague unfolds itself. 09562_ Slug penetrates Wall. 09566_ *Lt. Hamlin destroyed. 09578_ Disruptor Cannon destroyed. 09582_ S-43 Plague knocked back. 09588_ S-43 Plague suffers critical hit (Blast). 09588_ S-43 Plague destroyed. [Achievement: 10k Club] Map ----- +----------------------------------------------------+ | ???????????????????????????????????????????????? | | ???????????????????????????????????????????????? | | ???????????????????????????????????????????????? | | ?????????????????????###???????????????????????? | | ?????????????????????# #???????????????????????? | | ?????????????????????# #???????????????????????? | | ??????????????????####"####????????????????????? | | ??????????????????# ! #?###????????????????? | | ??????????????????#] ! # # ##"???????????? | | ??????????????????# % ^ %